 Dungeon Crawl Stone Soup version 0.28-a0-500-g121bc3e445 (webtiles) character file.

Game seed: 8706989522812889447

2393 Rennog the Grappler (level 9, -1/89 HPs)
             Began as a Troll Fighter on Sept 20, 2021.
             Was an Elder of Cheibriados.
             Slain by Harold (18 damage)
             ... on level 7 of the Dungeon.
             The game lasted 00:06:13 (4848 turns).

Rennog the Grappler (Troll Fighter)                 Turns: 4848, Time: 00:06:13

Health: -1/89      AC:  4    Str: 35    XL:     9   Next: 22%
Magic:  8/8        EV: 11    Int: 19    God:    Cheibriados [****..]
Gold:   281        SH:  9    Dex: 21    Spells: 8/8 levels left

rFire   . . .      SeeInvis .     - Unarmed
rCold   . . .      Faith    .   b - +0 kite shield
rNeg    + . .      Spirit   .   a - +0 robe
rPois   +          Reflect  .   (helmet restricted)
rElec   .          Harm     .   (no cloak)
rCorr   .          Rampage  .   (gloves unavailable)
Will    +....                   (boots unavailable)
Stlth   ++........              (no amulet)
HPRegen 1.24/turn               o - ring of the Firefly {rPois rN+ Will+ Int+6}
MPRegen 0.11/turn               (no ring)

@: mighty, very slow
A: large, unfitting armour, claws 3, regeneration 1, shaggy fur 1, tough skin 1
a: Renounce Religion, Bend Time, Temporal Distortion, Slouch


You were on level 7 of the Dungeon.
You worshipped Cheibriados.
Cheibriados was greatly pleased with you.
You visited 1 branch of the dungeon, and saw 7 of its levels.

You collected 281 gold pieces.

Inventory:

Armour
 a - a +0 robe (worn)
 b - a +0 kite shield (worn)
Jewellery
 o - the ring of the Firefly (left claw) {rPois rN+ Will+ Int+6}
   (You found it on level 5 of the Dungeon)

   [ring of intelligence]

   Int:       It affects your intelligence (+6).
   rPois:     It protects you from poison.
   rN:        It protects you from negative energy.
   Will:      It increases your willpower.
Wands
 q - a wand of polymorph (8)
Scrolls
 d - a scroll of teleportation {unknown}
 f - a scroll of immolation
 i - a scroll of fog {unknown}
 j - a scroll of magic mapping {unknown}
 m - a scroll of identify
 r - a scroll of amnesia {unknown}
Potions
 c - a potion of might
 g - 2 potions of brilliance {unknown}
 h - a potion of attraction {unknown}
 k - a potion of flight {unknown}
 l - a potion of magic
 n - a potion of mutation {unknown}
 p - a potion of heal wounds {unknown}


   Skills:
 + Level 5.7 Fighting
 + Level 5.7 Dodging
 - Level 2.4 Shields
 * Level 9.1 Unarmed Combat


You had 8 spell levels left.
You didn't know any spells.
Your spell library contained the following spells:

 Spells                   Type           Power      Damage    Failure   Level
 Blade Hands              Tmut           0%         N/A       100%        5
 Dragon Form              Tmut           0%         N/A       100%        7
 Borgnjor's Revivificati  Necr           0%         N/A       100%        8


Dungeon Overview and Level Annotations

Branches:
Dungeon (7/15)
 Temple: D:4-7

Altars:
Cheibriados

Shops:
D:6 :

Annotations:
D:7 Harold


Innate Abilities, Weirdness & Mutations

You are too large for most types of armour.
You have claws for hands.
Your natural rate of healing is unusually fast.
You are covered in fur. (AC +1)
You have tough skin. (AC +1)


Message History

No target in view!
No target in view!
No target in view!
No target in view!
No target in view!
You see here a water moccasin corpse.
Found a pair of distressingly furry gloves.
You hear the faint creaking of a very distant portcullis.
You see here the +0 pair of gloves "Layci" {rC++ rN++ Str-4}.
Harold the Weathered comes into view.
He is wielding a +3 hand axe of electrocution.
Press: ? - help, v - describe, . - travel The floor.
Harold fires a harpoon shot at you. The harpoon shot hits you!!
You are yanked forward by the harpoon shot.
You completely miss Harold.
Harold hits you with a +3 hand axe of electrocution!
You barely miss Harold. You block Harold's attack.
You closely miss Harold.
Harold hits you with a +3 hand axe of electrocution!
You are electrocuted!
You feel very mighty all of a sudden.
Harold hits you with a +3 hand axe of electrocution!
* * * LOW HITPOINT WARNING * * *
You are electrocuted!!
* * * LOW HITPOINT WARNING * * *
It was a potion of curing.
You feel better. Harold closely misses you.
You feel better.
Harold hits you with a +3 hand axe of electrocution.
* * * LOW HITPOINT WARNING * * *
Okay, then.
As you read the scroll labelled NOEL UDIEWOE, it crumbles to dust.
It is a scroll of identify.
f - a scroll of immolation You hear the creaking of a very distant portcullis.
You block Harold's attack.
You mangle Harold!!
Harold is moderately wounded.
Harold hits you with a +3 hand axe of electrocution!!
You die...

#######.# #....# #.#
#....# #.# #....###
#######[# #......
......... #....#
#######.. #######....#
#..
...........###########..
......@@................
..........#############.
....#........ #. .##
##.####### #. #. #. #.
.. #. #. .. #.


You could see Harold.

Vanquished Creatures
  A troll (D:5)
  Grinder (D:5)
  Duvessa (D:5)
  2 water moccasins
  A black bear (D:5)
  2 ice beasts
  4 ogres
  A centaur (D:6)
  4 scorpions
  A wyvern zombie (D:6)
  Dowan (D:5)
  3 wights (D:6)
  Crazy Yiuf (D:5)
  A jelly (D:6)
  A bullfrog skeleton (D:5)
  A scorpion zombie (D:5)
  A gnoll shaman (D:5)
  Jessica (D:2)
  Ijyb (D:5)
  7 iguanas
  A howler monkey skeleton (D:6)
  5 adders
  4 gnolls (D:5)
  2 worms
  A dart slug (D:1)
  3 orcs
  3 ball pythons
  6 bats
  8 endoplasms
  A giant cockroach (D:1)
  4 goblins
  2 hobgoblins
  8 jackals
  4 quokkas
  3 frilled lizards
  A jackal skeleton (D:4)
  5 kobolds
  2 rats (D:2)
99 creatures vanquished.

Notes
Turn   | Place    | Note
-------+----------+-------------------------------------------
     0 | D:1      | Rennog the Troll Fighter began the quest for the Orb.
     0 | D:1      | Reached XP level 1. HP: 22/22 MP: 0/0
    13 | D:1      | Found a faded altar of an unknown god.
    41 | D:1      | Became a worshipper of Cheibriados the Contemplative
    41 | D:1      | Reached * piety under Cheibriados
    86 | D:1      | Got Yneghe Jiti's Handbook of Doomed Moulding
   150 | D:1      | Reached XP level 2. HP: 29/29 MP: 1/1
   324 | D:1      | You fall into a shaft and drop 1 floor!
   509 | D:2      | Reached XP level 3. HP: 32/36 MP: 2/2
   520 | D:2      | Noticed Jessica
   525 | D:2      | Killed Jessica
   526 | D:2      | Reached skill level 3 in Unarmed Combat
   589 | D:2      | Reached XP level 4. HP: 44/44 MP: 3/3
   714 | D:2      | Reached ** piety under Cheibriados
  2054 | D:4      | Noticed a scorpion
  2078 | D:4      | Noticed a scorpion
  2086 | D:4      | Killed a scorpion
  2087 | D:4      | Reached skill level 4 in Unarmed Combat
  2087 | D:4      | Reached XP level 5. HP: 20/53 MP: 4/4
  2193 | D:4      | Reached *** piety under Cheibriados
  2312 | D:4      | Reached XP level 6. HP: 61/61 MP: 5/5
  2573 | D:5      | Entered Level 5 of the Dungeon
  2587 | D:5      | Reached skill level 5 in Unarmed Combat
  2616 | D:5      | Identified the ring of the Firefly {rPois rN+ Will+ Int+6}
  2690 | D:5      | Found a runed translucent door.
  2691 | D:5      | Noticed Crazy Yiuf
  2729 | D:5      | Noticed Ijyb
  2733 | D:5      | Killed Ijyb
  2741 | D:5      | Noticed a troll
  2748 | D:5      | Reached XP level 7. HP: 59/68 MP: 6/6
  2753 | D:5      | Killed a troll
  2754 | D:5      | Reached skill level 6 in Unarmed Combat
  2764 | D:5      | HP: 2/70 [gnoll (3)]
  2842 | D:5      | Noticed Dowan
  2894 | D:5      | Noticed Duvessa
  2896 | D:5      | Noticed Grinder
  2905 | D:5      | Killed Grinder
  2906 | D:5      | Reached XP level 8. HP: 65/79 MP: 7/7
  2923 | D:5      | Killed Dowan
  3173 | D:5      | Killed Duvessa
  3174 | D:5      | Reached skill level 7 in Unarmed Combat
  3545 | D:5      | Killed Crazy Yiuf
  3545 | D:5      | Reached **** piety under Cheibriados
  3546 | D:5      | Reached skill level 5 in Fighting
  3546 | D:5      | Reached skill level 5 in Dodging
  3549 | D:5      | Identified the +1 mace "Beetleslayer" {freeze, *Noise Will+
                  | Int+4}
  3623 | D:6      | Reached skill level 8 in Unarmed Combat
  4027 | D:6      | Reached XP level 9. HP: 66/88 MP: 8/8
  4434 | D:6      | Found Parchowi's Book Shop.
  4802 | D:7      | Reached skill level 9 in Unarmed Combat
  4821 | D:7      | Identified the +0 pair of gloves "Layci" {rC++ rN++ Str-4}
  4837 | D:7      | Noticed Harold
  4844 | D:7      | HP: 3/89 [Harold (18)]
  4848 | D:7      | Slain by Harold

Illustrated notes

Levels and vault maps discovered:
D:1:      minmay_arrival_arboretum_small, layout_basic,
          hellmonk_ecumenical_altar_pennies_from_heaven
D:2:      layout_loops_ring, uniq_jessica
D:3:      layout_loops_ring
D:4:      layout_cave_pools
D:5:      layout_basic, uniq_duvessa, uniq_ijyb, uniq_crazy_yiuf_cottage,
          uniq_grinder
D:6:      layout_layer_cave, serial_shops, nicolae_shop_crystal
D:7:      layout_basic, minmay_temple_entry_sparse_star, gammafunk_ghost_icy,
          enter_bailey_5, uniq_harold

Skill      XL: |  1  2  3  4  5  6  7  8  9 |
---------------+----------------------------+-----
Unarmed Combat | 3 4 5 6 8 9 |  9.1
Fighting       | 3 4 5 |  5.7
Dodging        | 3 4 5 |  5.7
Shields        | |  2.4

Action                   |  1- 3 |  4- 6 |  7- 9 || total
-------------------------+-------+-------+-------++-------
Melee: Unarmed           |    65 |   104 |   101 ||   270
  Use: Potion            |       |       |     4 ||     4
       Scroll            |       |       |     1 ||     1
 Stab: Sleeping          |       |     1 |     3 ||     4
Armor: Robe              |    23 |    30 |     9 ||    62
Dodge: Dodged            |    32 |    35 |    37 ||   104
Block: Kite shield       |    36 |    52 |    45 ||   133

Table legend: (Time is in decaauts)
 A = Elapsed time spent in this place.
 B = Non-inter-level travel time spent in this place.
 C = Inter-level travel time spent in this place.
 D = Time resting spent in this place.
 E = Time spent auto-exploring this place.
 F = Levels seen in this place.
 G = Mean time per level.
                   A        B        C        D        E       F      G
               +--------+--------+--------+--------+--------+-----+--------+
         Total |   7202 |   6786 |    416 |    254 |   5637 |   7 | 1028.9 |
       Dungeon |   7202 |   6786 |    416 |    254 |   5637 |   7 | 1028.9 |
               +--------+--------+--------+--------+--------+-----+--------+

Top non-repeatable levels by time:
     D:6: 1979 daAuts
     D:5: 1189 daAuts
     D:4: 1089 daAuts
     D:1: 1007 daAuts
     D:3: 962 daAuts
     D:2: 871 daAuts
     D:7: 101 daAuts
